 Dungeon Crawl Stone Soup version 0.27-a0-334-g52645efa06 (webtiles) character file.

Game seed: 7571226609892808375

970 Leibowitz the Cutter (level 8, -5/47 (48) HPs)
             Began as a Kobold Fighter on Feb 13, 2021.
             Slain by a wight
             ... wielding a +5 long sword
              (8 damage)
             ... on level 5 of the Dungeon.
             The game lasted 00:11:44 (5893 turns).

Leibowitz the Cutter (Kobold Fighter)               Turns: 5893, Time: 00:11:45

HP:   -5/47 (48)    AC:  8    Str: 13    XL:     8   Next: 38%
MP:   8/8           EV: 13    Int:  9    God:
Gold: 260           SH:  9    Dex: 17    Spells: 7/7 levels left

rFire    . . .     SeeInvis .   b - +0 dagger (venom)
rCold    + . .     Faith    .   c - +0 kite shield
rNeg     . . .     Spirit   .   A - +1 leather armour {rC+}
rPois    .         Reflect  .   m - +0 helmet
rElec    .         Harm     .   p - +0 cloak
rCorr    .         Rampage  .   v - +0 pair of gloves
Will     .....                  (no boots)
Stlth    ++++......             x - amulet of magic regeneration
HPRegen  0.15/turn              (no ring)
MPRegen  0.36/turn              (no ring)

@: mighty, lightly drained
A: small, nightstalker 3
a: no special abilities


You were on level 5 of the Dungeon.
You visited 1 branch of the dungeon, and saw 5 of its levels.

You collected 260 gold pieces.

Inventory:

Hand Weapons
 a - a +0 rapier
 b - a +0 dagger of venom (weapon)
Missiles
 u - 17 poisoned darts
 w - 4 atropa-tipped darts (quivered)
Armour
 c - a +0 kite shield (worn)
 m - a +0 helmet (worn)
 p - a +0 cloak (worn)
 r - a +0 leather armour
 v - a +0 pair of gloves (worn)
 A - a +1 leather armour of cold resistance (worn)
Jewellery
 x - an amulet of magic regeneration (around neck)
Scrolls
 g - 3 scrolls of amnesia {unknown}
 h - 11 scrolls of identify {unknown}
 j - 5 scrolls of magic mapping {unknown}
 k - 3 scrolls of teleportation {unknown}
 q - a scroll of blinking {unknown}
 y - a scroll of enchant weapon {unknown}
 z - a scroll of noise {unknown}
Potions
 e - 2 potions of invisibility {unknown}
 f - 2 potions of haste {unknown}
 i - 2 potions of degeneration {unknown}
 l - 2 potions of lignification
 n - a potion of flight {unknown}
 o - 3 potions of attraction {unknown}
 s - 2 potions of curing {unknown}
 t - a potion of cancellation {unknown}


   Skills:
 * Level 4.6 Fighting
 * Level 6.6 Short Blades
 + Level 0.4 Throwing
 * Level 3.8 Armour
 * Level 3.2 Dodging
 * Level 5.4 Stealth
 * Level 4.0 Shields


You had 7 spell levels left.
You didn't know any spells.
Your spell library contained the following spells:

 Spells                   Type           Power        Failure   Level
 Animate Skeleton         Necr           0%           94%         1
 Magic Dart               Conj           0%           94%         1
 Pain                     Necr           0%           94%         1
 Blink                    Tloc           N/A          98%         2
 Call Imp                 Summ           0%           98%         2
 Slow                     Hex            0%           98%         2
 Conjure Flame            Conj/Fire      0%           100%        3
 Mephitic Cloud           Conj/Pois/Air  0%           100%        3
 Vampiric Draining        Necr           0%           100%        3
 Animate Dead             Necr           0%           100%        4
 Agony                    Necr           0%           100%        5


Dungeon Overview and Level Annotations

Branches:
Dungeon (5/15)
 Temple: D:4-7

Altars:


Innate Abilities, Weirdness & Mutations

You are small and have problems with some larger weapons.
You are completely attuned to the shadows.


Message History

The wight is almost destroyed.
You puncture the wight!
You destroy the wight!
The wight hits you with a +4 long sword!
You puncture the wight!
The wight is heavily damaged.
The wight hits you with a +5 long sword.
You feel drained. You block the wight's attack.
You hit the wight.
The wight is heavily damaged.
The wight barely misses you.
The wight hits you with a +4 long sword.
* * * LOW HITPOINT WARNING * * *
You closely miss the wight.
The wight is heavily damaged.
The wight hits you with a +5 long sword!
* * * LOW HITPOINT WARNING * * *
You block the wight's attack.
You barely miss the wight.
The wight is heavily damaged.
You hit the wight but do no damage.
The wight is heavily damaged.
You block the wight's attack. x2
You hit the wight.
The wight is almost destroyed.
The wight barely misses you. The wight hits you but does no damage.
You hit the wight.
You destroy the wight!
The wight hits you with a +5 long sword.
* * * LOW HITPOINT WARNING * * *
Your Shields skill increases to level 4!
You hit the wight.
The wight is moderately damaged.
You block the wight's attack.
You closely miss the wight.
The wight is moderately damaged.
You barely miss the wight.
The wight is moderately damaged.
The wight hits you with a +5 long sword!
You die...

......... ..........
...........
.......)z...
.......@)... .## .##
#...........
..##...## #..........
........#####........
........)............
.........#######....
#.........# #..
#.......### ##...####


You could see a wight.

Vanquished Creatures
  Sigmund (D:4)
  Edmund (D:5)
  Menkaure (D:4)
  An ogre (D:4)
  3 wights (D:5)
  Crazy Yiuf (D:2)
  A hound (D:4)
  A bullfrog skeleton (D:4)
  3 orc wizards
  A worker ant (D:4)
  8 adders
  2 oozes (D:1)
  A worm (D:4)
  A leopard gecko (D:4)
  13 orcs
  2 ball pythons
  4 giant cockroaches
  5 goblins
  11 hobgoblins
  9 jackals (D:3)
  15 kobolds
  3 quokkas
  7 bats
  7 frilled lizards
  10 rats
112 creatures vanquished.

Notes
Turn   | Place    | Note
-------+----------+-------------------------------------------
     0 | D:1      | Leibowitz the Kobold Fighter began the quest for the Orb.
     0 | D:1      | Reached XP level 1. HP: 14/14 MP: 1/1
   108 | D:1      | Reached XP level 2. HP: 16/19 MP: 2/2
   515 | D:1      | Reached XP level 3. HP: 23/23 MP: 3/3
   830 | D:1      | Reached skill level 3 in Short Blades
   904 | D:1      | Reached skill level 1 in Stealth
  1525 | D:2      | Reached XP level 4. HP: 28/28 MP: 4/4
  1586 | D:2      | Reached skill level 1 in Dodging
  2207 | D:2      | Found a runed translucent door.
  2210 | D:2      | Noticed Crazy Yiuf
  2221 | D:2      | Killed Crazy Yiuf
  2222 | D:2      | Reached XP level 5. HP: 9/33 MP: 5/5
  2527 | D:3      | Reached skill level 4 in Short Blades
  3296 | D:4      | Reached XP level 6. HP: 38/38 MP: 6/6
  3636 | D:4      | Noticed an ogre
  3650 | D:4      | Killed an ogre
  4160 | D:4      | Noticed Menkaure
  4168 | D:4      | Killed Menkaure
  4169 | D:4      | Reached skill level 5 in Short Blades
  4169 | D:4      | Reached XP level 7. HP: 37/43 MP: 7/7
  5037 | D:4      | Noticed Sigmund
  5043 | D:4      | Killed Sigmund
  5044 | D:4      | Reached skill level 6 in Short Blades
  5345 | D:5      | Entered Level 5 of the Dungeon
  5457 | D:5      | Reached XP level 8. HP: 20/48 MP: 8/8
  5730 | D:5      | Noticed Edmund
  5735 | D:5      | Killed Edmund
  5736 | D:5      | Reached skill level 5 in Stealth
  5893 | D:5      | Slain by a wight

Illustrated notes

Levels and vault maps discovered:
D:1:      ncdulo_halloftheorcs, layout_loops_cross, hex_tiny,
          minmay_misc_feat_enclosed, dk_noncrumbling_3
D:2:      layout_rooms, uniq_crazy_yiuf_cottage
D:3:      layout_basic
D:4:      layout_gridville, uniq_sigmund, uniq_menkaure
D:5:      layout_cave_pods, old_standard_altar, nicolae_overflow_hidden_temple,
          uniq_edmund

Skill      XL: |  1  2  3  4  5  6  7  8 |
---------------+-------------------------+-----
Short Blades   | 3 4 5 6 |  6.6
Stealth        | 1 2 4 5 |  5.4
Dodging        | 1 2 3 |  3.2
Shields        | 3 4 |  4.0
Armour         | 3 |  3.8
Fighting       | 4 |  4.6
Throwing       | |  0.4

Action                   |  1- 3 |  4- 6 |  7- 9 || total
-------------------------+-------+-------+-------++-------
Melee: Rapier            |   117 |   170 |    38 ||   325
       Dagger            |       |       |    52 ||    52
Throw: Dart              |       |     4 |       ||     4
  Use: Potion            |       |       |     2 ||     2
 Stab: Sleeping          |     3 |    17 |     6 ||    26
Armor: Scale mail        |    48 |       |       ||    48
       Leather armour    |       |    33 |    15 ||    48
       Skin              |       |       |    16 ||    16
Dodge: Dodged            |    40 |    61 |    36 ||   137
Block: Kite shield       |    54 |    75 |    39 ||   168

Table legend: (Time is in decaauts)
 A = Elapsed time spent in this place.
 B = Non-inter-level travel time spent in this place.
 C = Inter-level travel time spent in this place.
 D = Time resting spent in this place.
 E = Time spent auto-exploring this place.
 F = Levels seen in this place.
 G = Mean time per level.
                   A        B        C        D        E       F      G
               +--------+--------+--------+--------+--------+-----+--------+
         Total |   5976 |   5747 |    229 |   1488 |   3258 |   5 | 1195.2 |
       Dungeon |   5976 |   5747 |    229 |   1488 |   3258 |   5 | 1195.2 |
               +--------+--------+--------+--------+--------+-----+--------+

Top non-repeatable levels by time:
     D:4: 2151 daAuts
     D:1: 1354 daAuts
     D:2: 1157 daAuts
     D:3: 768 daAuts
     D:5: 545 daAuts
